TOP OF THE 1ST |
Mobile BayBears batting - Pitching for Altoona Curve : RHP Jeremy Parsnip
|
Pitching: RHP Jeremy Parsnip
|
|
Batting: RHB Franklin Villanueva
|
0-0: Called Strike 0-1: Ground out 6-3 (Groundball, 6, EV 93.1 MPH)
|
Batting: SHB Ed Vargas
|
0-0: Ball 1-0: Foul Ball, location: 2F 1-1: Fly out, F6 (Popup, 4MS, EV 64.4 MPH)
|
Batting: LHB Soo-yeon Kym
|
0-0: Foul Ball, location: 2F 0-1: Foul Ball, location: 2F 0-2: DOUBLE (Flyball, 89D, EV 96.9 MPH)
|
Batting: RHB Blake Beale
|
0-0: Called Strike 0-1: Foul Ball, location: 2F 0-2: Ball 1-2: Ground out 5-3 (Groundball, 56S, EV 76.2 MPH)
|
Top of the 1st over - 0 runs, 1 hit, 0 errors, 1 left on base; Mobile 0 - Altoona 0 |
BOTTOM OF THE 1ST |
Altoona Curve batting - Pitching for Mobile BayBears : LHP David Legg
|
Pitching: LHP David Legg
|
|
Batting: RHB Ken Manser
|
0-0: Bunt missed! 0-1: Ball 1-1: Ball 2-1: Ground out 5-3 (Groundball, 56S, EV 71.9 MPH)
|
Batting: RHB Richard Barrios
|
0-0: Ball 1-0: Called Strike 1-1: Swinging Strike 1-2: Strikes out swinging
|
Batting: RHB Jose Almonte
|
0-0: Called Strike 0-1: Ball 1-1: Called Strike 1-2: Ball 2-2: Ground out 6-3 (Groundball, 6, EV 101.2 MPH)
|
Bottom of the 1st over - 0 runs, 0 hits, 0 errors, 0 left on base; Mobile 0 - Altoona 0 |
TOP OF THE 2ND |
Mobile BayBears batting - Pitching for Altoona Curve : RHP Jeremy Parsnip
|
Batting: RHB Chris Bittner
|
0-0: Foul Ball, location: 2F 0-1: Called Strike 0-2: Ball 1-2: Foul Ball, location: 2F 1-2: Strikes out swinging
|
Batting: RHB Josh Burrows
|
0-0: Foul Ball, location: 2F 0-1: Ball 1-1: Ball 2-1: Swinging Strike 2-2: Ground out 4-3 (Groundball, 4, EV 89.4 MPH)
|
Batting: RHB Paul Schreiber
|
0-0: Fly out, F5 (Popup, 5, EV 81.9 MPH)
|
Top of the 2nd over - 0 runs, 0 hits, 0 errors, 0 left on base; Mobile 0 - Altoona 0 |
BOTTOM OF THE 2ND |
Altoona Curve batting - Pitching for Mobile BayBears : LHP David Legg
|
Batting: RHB Freddy Quintero
|
0-0: Foul Ball, location: 2F 0-1: Swinging Strike 0-2: Strikes out swinging, 2-3 out at first.
|
Batting: LHB Sammy Roddenberry
|
0-0: Foul Ball, location: 2F 0-1: Ball 1-1: Called Strike 1-2: Fly out, F7 (Flyball, 78M, EV 91.9 MPH)
|
Batting: LHB Gregg Kellerman
|
0-0: DOUBLE (Line Drive, 9LD, EV 96.9 MPH)
|
Batting: LHB Phil DeCamp
|
0-0: Called Strike 0-1: Called Strike 0-2: Ball 1-2: DOUBLE (Line Drive, 3D, EV 95.0 MPH) Gregg Kellerman scores
|
Batting: RHB Keiji Nakajima
|
0-0: Ball 1-0: Ball 2-0: Reached on error, E8 (Flyball, 8RM, EV 81.2 MPH) Phil DeCamp scores
|
Batting: LHB Jorge Quintana
|
0-0: Ball 1-0: Swinging Strike 1-1: Ball 2-1: Ball 3-1: Fly out, F5 (Popup, 56, EV 76.2 MPH)
|
Bottom of the 2nd over - 2 runs, 2 hits, 1 error, 1 left on base; Mobile 0 - Altoona 2 |
TOP OF THE 3RD |
Mobile BayBears batting - Pitching for Altoona Curve : RHP Jeremy Parsnip
|
Batting: RHB Jeremy Adams
|
0-0: Foul Ball, location: 2F 0-1: Ball 1-1: Called Strike 1-2: Strikes out looking
|
Batting: RHB Curt Barrett
|
0-0: Ball 1-0: DOUBLE (Line Drive, 7LS, EV 112.5 MPH)
|
Batting: RHB Franklin Villanueva
|
0-0: Ball 1-0: Ball 2-0: Foul Ball, location: 2F 2-1: Called Strike 2-2: Foul Ball, location: 2F 2-2: Foul Ball, location: 2F 2-2: Strikes out swinging
|
Batting: SHB Ed Vargas
|
0-0: Swinging Strike 0-1: Foul Ball, location: 2F 0-2: Ball 1-2: Strikes out swinging
|
Top of the 3rd over - 0 runs, 1 hit, 0 errors, 1 left on base; Mobile 0 - Altoona 2 |
BOTTOM OF THE 3RD |
Altoona Curve batting - Pitching for Mobile BayBears : LHP David Legg
|
Batting: RHB Ken Manser
|
0-0: Ball 1-0: Ball 2-0: Called Strike 2-1: Ball 3-1: Called Strike 3-2: Base on Balls
|
Batting: RHB Richard Barrios
|
0-0: Foul Ball, location: 2F 0-1: Foul Ball, location: 2F 0-2: Ball 1-2: Strikes out swinging
|
Batting: RHB Jose Almonte
|
0-0: Ball 1-0: Fly out, F8 (Flyball, 8LXD, EV 104.4 MPH)
|
Batting: RHB Freddy Quintero
|
0-0: SINGLE (Flyball, 8RS, EV 91.2 MPH) Ken Manser to second Runner from 2nd tries for 3rd, SAFE, no throw by CF
|
Batting: LHB Sammy Roddenberry
|
0-0: SINGLE (Groundball, 34D, EV 95.6 MPH) Ken Manser scores Freddy Quintero to second Runner from 2nd tries for 3rd, SAFE, throw by RF made to third
|
Batting: LHB Gregg Kellerman
|
0-0: Ball 1-0: Called Strike 1-1: Swinging Strike 1-2: Ball 2-2: Ball 3-2: Base on Balls Sammy Roddenberry to second
|
Batting: LHB Phil DeCamp
|
0-0: Called Strike 0-1: Swinging Strike 0-2: Strikes out swinging
|
Bottom of the 3rd over - 1 run, 2 hits, 0 errors, 3 left on base; Mobile 0 - Altoona 3 |
TOP OF THE 4TH |
Mobile BayBears batting - Pitching for Altoona Curve : RHP Jeremy Parsnip
|
Batting: LHB Soo-yeon Kym
|
0-0: Ball 1-0: Fly out, F2 (Popup, 25F, EV 86.2 MPH)
|
Batting: RHB Blake Beale
|
0-0: Ball 1-0: Called Strike 1-1: Ground out 6-3 (Groundball, 6, EV 85.0 MPH)
|
Batting: RHB Chris Bittner
|
0-0: Ball 1-0: Fly out, F7 (Flyball, 7S, EV 95.0 MPH)
|
Top of the 4th over - 0 runs, 0 hits, 0 errors, 0 left on base; Mobile 0 - Altoona 3 |
BOTTOM OF THE 4TH |
Altoona Curve batting - Pitching for Mobile BayBears : LHP David Legg
|
Batting: RHB Keiji Nakajima
|
0-0: Foul Ball, location: 2F 0-1: Ball 1-1: Swinging Strike 1-2: Foul Ball, location: 2F 1-2: Ground out 6-3 (Groundball, 6, EV 86.9 MPH)
|
Batting: LHB Jorge Quintana
|
0-0: Ground out 6-3 (Groundball, 6, EV 83.1 MPH)
|
Batting: RHB Ken Manser
|
0-0: Called Strike 0-1: Ground out 5-3 (Groundball, 56S, EV 78.1 MPH)
|
Bottom of the 4th over - 0 runs, 0 hits, 0 errors, 0 left on base; Mobile 0 - Altoona 3 |
TOP OF THE 5TH |
Mobile BayBears batting - Pitching for Altoona Curve : RHP Jeremy Parsnip
|
Batting: RHB Josh Burrows
|
0-0: Ball 1-0: Swinging Strike 1-1: Ball 2-1: Ball 3-1: Base on Balls
|
Batting: RHB Paul Schreiber
|
0-0: Called Strike 0-1: Ball 1-1: Ball 2-1: Ground out 6-3 (Groundball, P, EV 83.1 MPH) Josh Burrows to second
|
Batting: RHB Jeremy Adams
|
0-0: Ball 1-0: Called Strike 1-1: Ball 2-1: Foul Ball, location: 2F 2-2: Strikes out swinging
|
Batting: RHB Curt Barrett
|
0-0: Ball 1-0: Ground out 4-3 (Groundball, 13, EV 90.6 MPH)
|
Top of the 5th over - 0 runs, 0 hits, 0 errors, 1 left on base; Mobile 0 - Altoona 3 |
BOTTOM OF THE 5TH |
Altoona Curve batting - Pitching for Mobile BayBears : LHP David Legg
|
Batting: RHB Richard Barrios
|
0-0: Ball 1-0: Ball 2-0: Foul Ball, location: 2F 2-1: Foul Ball, location: 2F 2-2: Foul Ball, location: 2F 2-2: Ball 3-2: Base on Balls
|
Batting: RHB Jose Almonte
|
0-0: Foul Ball, location: 2F 0-1: Ball 1-1: Swinging Strike 1-2: Ball 2-2: Foul Ball, location: 2F 2-2: Ball 3-2: Fielders Choice at 2nd, 5-4 (Groundball, 56, EV 85.6 MPH)
|
Batting: RHB Freddy Quintero
|
0-0: Grounds into double play, 5-4-3 (Groundball, 56, EV 81.2 MPH)
|
Bottom of the 5th over - 0 runs, 0 hits, 0 errors, 0 left on base; Mobile 0 - Altoona 3 |
TOP OF THE 6TH |
Mobile BayBears batting - Pitching for Altoona Curve : RHP Jeremy Parsnip
|
Batting: RHB Franklin Villanueva
|
0-0: Called Strike 0-1: DOUBLE (Line Drive, 7LD, EV 106.9 MPH)
|
Batting: SHB Ed Vargas
|
0-0: Ball 1-0: SINGLE (Line Drive, 56, EV 103.1 MPH) Franklin Villanueva to third
|
Batting: LHB Soo-yeon Kym
|
0-0: Called Strike 0-1: Ball 1-1: Ball 2-1: Swinging Strike 2-2: Strikes out looking
|
Batting: RHB Blake Beale
|
0-0: Grounds into double play, 6-4-3 (Groundball, 56, EV 84.4 MPH)
|
Top of the 6th over - 0 runs, 2 hits, 0 errors, 1 left on base; Mobile 0 - Altoona 3 |
BOTTOM OF THE 6TH |
Altoona Curve batting - Pitching for Mobile BayBears : LHP David Legg
|
Batting: LHB Sammy Roddenberry
|
0-0: Ball 1-0: Foul Ball, location: 2F 1-1: Ball 2-1: Ball 3-1: Base on Balls
|
Batting: LHB Gregg Kellerman
|
0-0: Foul Ball, location: 2F 0-1: Ball 1-1: Single, Error in OF, E8, batter to second base (Groundball, 4MD, EV 103.8 MPH) Sammy Roddenberry to third
|
Batting: LHB Phil DeCamp
|
0-0: Ball 1-0: Fly out, F7 (Line Drive, 7, EV 90.6 MPH) Runner from 3rd tags up, SCORES, no throw by LF
|
Batting: RHB Keiji Nakajima
|
0-0: Ground out 6-3 (Groundball, 6M, EV 101.9 MPH) Gregg Kellerman to third
|
Batting: LHB Jorge Quintana
|
0-0: Ball 1-0: Ground out 6-3 (Groundball, 6MD, EV 88.1 MPH)
|
Bottom of the 6th over - 1 run, 1 hit, 1 error, 1 left on base; Mobile 0 - Altoona 4 |
TOP OF THE 7TH |
Mobile BayBears batting - Pitching for Altoona Curve : RHP Jeremy Parsnip
|
Batting: RHB Chris Bittner
|
0-0: Called Strike 0-1: Ball 1-1: SINGLE (Line Drive, 4D, EV 98.1 MPH)
|
Batting: RHB Josh Burrows
|
0-0: Swinging Strike 0-1: Ball 1-1: Called Strike 1-2: Ball 2-2: Foul Ball, location: 2F 2-2: Strikes out looking
|
Batting: RHB Paul Schreiber
|
0-0: Ball 1-0: Foul Ball, location: 2F 1-1: Ground out 4-3 (Groundball, 34, EV 108.8 MPH) Chris Bittner to second
|
Batting: RHB Jeremy Adams
|
0-0: Swinging Strike 0-1: Ball 1-1: SINGLE (Groundball, 34D, EV 100.0 MPH) Chris Bittner to third Runner from 3rd tries for Home, throw by RF and OUT! 9-2
|
Top of the 7th over - 0 runs, 2 hits, 0 errors, 1 left on base; Mobile 0 - Altoona 4 |
BOTTOM OF THE 7TH |
Altoona Curve batting - Pitching for Mobile BayBears : LHP David Legg
|
Batting: RHB Ken Manser
|
0-0: Ball 1-0: Foul Ball, location: 2F 1-1: Called Strike 1-2: SINGLE (Groundball, 56D, EV 103.8 MPH)
|
Batting: RHB Richard Barrios
|
0-0: Ball 1-0: Fly out, F8 (Flyball, 8LM, EV 89.4 MPH)
|
Pitching: RHP Jason Hammons
|
|
Batting: RHB Jose Almonte
|
0-0: Ball 1-0: Ball 2-0: Ball 3-0: Called Strike 3-1: Grounds into double play, 4-6-3 (Groundball, 4, EV 88.1 MPH)
|
Bottom of the 7th over - 0 runs, 1 hit, 0 errors, 0 left on base; Mobile 0 - Altoona 4 |
TOP OF THE 8TH |
Mobile BayBears batting - Pitching for Altoona Curve : RHP Jeremy Parsnip
|
Batting: RHB Curt Barrett
|
0-0: Called Strike 0-1: Ground out U3 (Groundball, 3L, EV 99.4 MPH)
|
Batting: RHB Franklin Villanueva
|
0-0: Called Strike 0-1: Ball 1-1: Ball 2-1: TRIPLE (Line Drive, 8RXD, EV 102.5 MPH)
|
Batting: SHB Ed Vargas
|
0-0: Swinging Strike 0-1: Ball 1-1: Called Strike 1-2: Ball 2-2: Fly out, F7 (Flyball, 78M, EV 98.1 MPH)
|
Batting: LHB Soo-yeon Kym
|
0-0: Ball 1-0: Ball 2-0: Ground out 1-3 (Groundball, 13S, EV 67.5 MPH)
|
Top of the 8th over - 0 runs, 1 hit, 0 errors, 1 left on base; Mobile 0 - Altoona 4 |
BOTTOM OF THE 8TH |
Altoona Curve batting - Pitching for Mobile BayBears : RHP Jason Hammons
|
Batting: RHB Freddy Quintero
|
0-0: Foul Ball, location: 2F 0-1: Ball 1-1: Ground out 4-3 (Groundball, 4, EV 90.0 MPH)
|
Batting: LHB Sammy Roddenberry
|
0-0: Ball 1-0: Swinging Strike 1-1: Called Strike 1-2: Ball 2-2: Foul Ball, location: 2F 2-2: Ball 3-2: Foul Ball, location: 2F 3-2: Ground out 4-3 (Groundball, 4, EV 85.0 MPH)
|
Batting: LHB Gregg Kellerman
|
0-0: Ball 1-0: Foul Ball, location: 2F 1-1: Fly out, F7 (Flyball, 7, EV 88.8 MPH)
|
Bottom of the 8th over - 0 runs, 0 hits, 0 errors, 0 left on base; Mobile 0 - Altoona 4 |
TOP OF THE 9TH |
Mobile BayBears batting - Pitching for Altoona Curve : RHP Jeremy Parsnip
|
Batting: RHB Blake Beale
|
0-0: Called Strike 0-1: Ground out 5-3 (Groundball, 56S, EV 84.4 MPH)
|
Batting: RHB Chris Bittner
|
0-0: Ball 1-0: Ball 2-0: Called Strike 2-1: Ground out 5-3 (Groundball, 56, EV 101.2 MPH)
|
Batting: RHB Josh Burrows
|
0-0: Ball 1-0: Foul Ball, location: 2F 1-1: Ball 2-1: Foul Ball, location: 2F 2-2: Ball 3-2: Foul Ball, location: 2F 3-2: DOUBLE (Line Drive, 7LM, EV 91.9 MPH)
|
Batting: RHB Paul Schreiber
|
0-0: Foul Ball, location: 2F 0-1: Ball 1-1: Ball 2-1: SINGLE (Groundball, 4D, EV 108.1 MPH) Josh Burrows to third
|
Pitching: RHP Alex Romero
|
|
Batting: RHB Jeremy Adams
|
0-0: Ball 1-0: Ball 2-0: Called Strike 2-1: Foul Ball, location: 2F 2-2: Strikes out swinging
|
Top of the 9th over - 0 runs, 2 hits, 0 errors, 2 left on base; Mobile 0 - Altoona 4 |
|